 Dungeon Crawl Stone Soup version 0.30-a0-748-ge6a52f7cba (webtiles) character file.

Game seed: 16462778373744966974

142 boo the Insei (level 5, 0/42 HPs)
             Began as a Demonspawn Monk on Feb 8, 2023.
             Slain by an orc
             ... wielding a +0 trident
              (1 damage)
             ... on level 3 of the Dungeon.
             The game lasted 00:04:07 (2298 turns).

boo the Insei (Demonspawn Monk)                     Turns: 2298, Time: 00:04:08

Health: 0/42       AC:  6    Str: 14    XL:     5   Next: 4%
Magic:  5/5        EV: 11    Int: 11    God:
Gold:   126        SH:  0    Dex: 15    Spells: 4/4 levels left

rFire   . . .      SeeInvis .      - Unarmed
rCold   . . .      Faith    .    (no shield)
rNeg    . . .      Spirit   .    h - +0 ring mail
rPois   .          Reflect  .    (no helmet)
rElec   .          Harm     .    (no cloak)
rCorr   .          Rampage  .    e - +0 pair of gloves
Will    .....                    (no boots) Stlth
                                 (no amulet)
HPRegen 0.27/turn                (no ring)
MPRegen 0.09/turn                (no ring)

@: confused
A: claws 1, foul stench 1
a: no special abilities


You were on level 3 of the Dungeon.
You visited 1 branch of the dungeon, and saw 3 of its levels.

You collected 126 gold pieces.

Inventory:

Armour
 a - a +0 robe
 e - a +0 pair of gloves (worn)
 h - a +0 ring mail (worn)
Jewellery
 g - a ring of positive energy
 l - the Hermit's Pendant {Faith Invo=14 Evo=0 MP+5}
   (You found it on level 2 of the Dungeon)

   [amulet of faith]

   Invo=14: It sets your Invocations skill to 14.
   Evo=0: It sets your Evocations skill to 0.
   It allows you to gain divine favour quickly.
   MP:        It affects your magic capacity (+5).
Scrolls
 i - a scroll of amnesia {unknown}
 j - a scroll of teleportation {unknown}
 k - 2 scrolls of identify {unknown}
 m - a scroll of magic mapping {unknown}
 n - a scroll of brand weapon {unknown}
Potions
 b - a potion of ambrosia
 c - a potion of heal wounds {unknown}
 d - a potion of mutation {unknown}
 f - a potion of might {unknown}
 o - a potion of curing {unknown}


   Skills:
 + Level 3.8 Fighting
 + Level 3.5 Dodging
 - Level 1.7 Stealth
 * Level 4.1 Unarmed Combat


You had 4 spell levels left.
You didn't know any spells.
Your spell library was empty.

Dungeon Overview and Level Annotations

Branches:
Dungeon (3/15)

Altars:
Qazlal

Shops:
D:2 [=[=


Innate Abilities, Weirdness & Mutations

You have sharp fingernails.
You may rarely emit foul miasma when damaged in melee.


Message History

You hit something. Something hits you. The orc barely misses you. x2
You miss something. Something hits you. The orc hits you but does no damage.
The orc completely misses you.
You hit something. Something hits you but does no damage.
The orc hits you from afar with a +0 trident.
The orc barely misses you.
You hit something. Something hits you but does no damage.
The orc barely misses you. The orc hits you but does no damage.
You miss something. Something hits you.
The orc hits you from afar with a +0 trident.
The orc hits you with a +0 hand axe.
You hit something but do no damage. Something hits you.
The orc closely misses you. The orc hits you but does no damage.
You barely miss something. You miss something.
You hear some strange, mumbled words.
You are confused.
The orc hits you but does no damage.
You're too confused to move!
You hear some strange, mumbled words.
A magic dart appears from out of thin air!
The magic dart hits you!
* * * LOW HITPOINT WARNING * * *
You're too confused to move!
You hear some strange, mumbled words.
A magic dart appears from out of thin air!
The magic dart hits you.
* * * LOW HITPOINT WARNING * * *
You miss something.
You're too confused to move!
You hear some strange, mumbled words.
Something tries to affect you, but you resist.
The orc barely misses you.
The orc hits you from afar with a +0 trident.
* * * LOW HITPOINT WARNING * * *
You bump into the rock wall.
Something hits you but does no damage. The orc hits you with a +0 hand axe.
* * * LOW HITPOINT WARNING * * *
The orc hits you from afar with a +0 trident.
You die...

#...##.†..# ...
###.......## ..
########.....### ..#..o
#...#...# .#..
#...###.#### ...
###........# #.#
####.###.# #.#### #....>#
#roo@###### #####.#
###########{##...# #...#
.........#..##.#.#####.###
.#######.#.....#.......#
#.......#########
#######..... #..##.. ...#
##.#


You could see 2 orcs and a quokka.

Vanquished Creatures
  A necrophage (D:3)
  3 adders
  A worm (D:2)
  2 dart slugs
  2 orcs (D:3)
  4 ball pythons
  4 endoplasms
  2 giant cockroaches (D:1)
  6 goblins
  A hobgoblin (D:1)
  3 quokkas
  7 bats
  A frilled lizard (D:2)
  3 kobolds
  A rat (D:1)
41 creatures vanquished.

Notes
Turn   | Place    | Note
-------+----------+-------------------------------------------
     0 | D:1      | boo the Demonspawn Monk began the quest for the Orb.
     0 | D:1      | Reached XP level 1. HP: 18/18 MP: 1/1
   185 | D:1      | Reached skill level 3 in Unarmed Combat
   200 | D:1      | Gained mutation: You may rarely emit foul miasma when
                  | damaged in melee. [demonic ancestry]
   200 | D:1      | Reached XP level 2. HP: 22/24 MP: 2/2
   695 | D:1      | Found a faded altar of an unknown god.
   941 | D:2      | Found Bamoje Rexeg's Jewellery Shoppe.
  1278 | D:2      | Found Ytuwaq's Armour Emporium.
  1294 | D:2      | Found the Hermit's Pendant {Faith Invo=14 Evo=0 MP+5}
  1320 | D:2      | Gained mutation: You have sharp fingernails. [demonic
                  | ancestry]
  1320 | D:2      | Reached XP level 3. HP: 8/29 MP: 3/3
  1452 | D:2      | Found Doima's Jewellery Boutique.
  1500 | D:2      | Found Myutteug's Antique Armour Shop.
  1949 | D:3      | Noticed a necrophage
  1973 | D:3      | Killed a necrophage
  1974 | D:3      | Reached skill level 4 in Unarmed Combat
  1974 | D:3      | Reached XP level 4. HP: 20/37 MP: 4/4
  2120 | D:3      | Found a stormy altar of Qazlal.
  2205 | D:3      | Reached XP level 5. HP: 38/42 MP: 5/5
  2298 | D:3      | HP: 1/42 [orc/+0 hand axe (5)]
  2298 | D:3      | Slain by an orc

Illustrated notes

Levels and vault maps discovered:
D:1:      sevenhm_arrival_forest_fort_small_5, layout_basic,
          hellmonk_ecumenical_altar_lost_god
D:2:      layout_basic, serial_shops, nicolae_shop_window_shopping, shop, shop,
          shop
D:3:      layout_basic, grunt_gozag_breadcrumbs, grunt_qazlal_clouds,
          kennysheep_generic_room_7

Skill      XL: |  1  2  3 |
---------------+----------+-----
Unarmed Combat | 3 4 |  4.1
Dodging        | 3 |  3.5
Fighting       | |  3.8
Stealth        | |  1.7

Action                     |  1- 3 |  4- 6 || total
---------------------------+-------+-------++-------
  Melee: Unarmed           |   163 |    26 ||   189
         Punch             |     4 |       ||     4
   Stab: Sleeping          |     1 |       ||     1
 Armour: Robe              |     9 |       ||     9
         Ring mail         |    41 |    18 ||    59
  Dodge: Dodged            |   112 |    14 ||   126

Table legend: (Time is in decaauts)
 A = Elapsed time spent in this place.
 B = Non-inter-level travel time spent in this place.
 C = Inter-level travel time spent in this place.
 D = Time resting spent in this place.
 E = Time spent auto-exploring this place.
 F = Levels seen in this place.
 G = Mean time per level.
                   A        B        C        D        E       F      G
               +--------+--------+--------+--------+--------+-----+--------+
         Total |   2294 |   2261 |     33 |    367 |   1449 |   3 |  764.7 |
       Dungeon |   2294 |   2261 |     33 |    367 |   1449 |   3 |  764.7 |
               +--------+--------+--------+--------+--------+-----+--------+

Top non-repeatable levels by time:
     D:1: 944 daAuts
     D:2: 729 daAuts
     D:3: 620 daAuts
